Map: Port Aleksander LE

Players

feardragon

  • Race: Protoss Protoss
  • League: Diamond
  • Spawn Location: 11:00

Kamarill - Winner!

  • Race: Protoss Protoss
  • League: Diamond
  • Spawn Location: 5:00

VOD

Have the link to the VOD?

Description

A completely standard and normal game

Time

  • Played on: March 6, 2019, 5:14 p.m.
  • Length: 20:17
Show
View Real Time Build Order
Export as new Build Order

feardragon Protoss 

Build Orders: Dark Templar Rush 

Get SALT Encoding   

  12  0:00  Probe  
  13  0:13  Probe  
  14  0:19  Pylon  
  14  0:25  Probe  
  15  0:37  Probe  
  15  0:40  Gateway  
  16  0:45  Probe  
  17  0:53  Assimilator  
  17  0:57  Assimilator  
  17  1:02  Probe  
  17  1:11  Probe  
  19  1:19  Probe  
  19  1:23  Pylon  
  20  1:34  Cybernetics Core  
  20  1:35  Probe  
  21  1:47  Probe  
  22  1:54  Pylon  
  22  2:00  Probe  
  23  2:14  Twilight Council  
  23  2:15  Stalker  
  25  2:17  Warp Gate  
  25  2:20  Probe  
  26  2:28  Probe  
  27  2:41  Gateway  
  27  2:45  Probe  
  27  2:50  Stalker  
  29  2:57  Dark Shrine  
  29  3:06  Pylon  
  29  3:10  Shield Battery  
  29  3:13  Probe  
  31  3:27  Probe  
  31  3:29  Gateway  
  31  3:36  Gateway  
  31  3:43  Pylon  
  31  3:44  Probe  
  32  3:52  Gateway  
  32  3:59  Shield Battery  
  32  4:00  Shadow Stride  
  32  4:11  Dark Templar x2  
  36  4:26  Dark Templar  
  38  4:33  Gateway  
  34  4:54  Nexus  
  34  5:01  Dark Templar  
  34  5:06  Probe  
  37  5:10  Pylon  
  37  5:18  Forge  
  37  5:27  Probe  
  38  5:34  Dark Templar  
  38  5:35  Dark Templar  
  42  5:38  Probe  
  43  5:45  Dark Templar, Protoss Ground Weapons Level 1  
  43  5:46  Probe  
  46  6:07  Assimilator  
  46  6:11  Assimilator  
  46  6:16  Probe  
  46  6:17  Probe  
  48  6:19  Dark Templar  
  50  6:28  Probe  
  50  6:29  Probe  
  52  6:41  Probe  
  52  6:43  Pylon  
  52  6:44  Probe  
  54  6:52  Photon Cannon  
  54  6:53  Probe  
  55  6:57  Dark Templar  
  55  6:59  Probe  
  58  7:10  Dark Templar x2  
  58  7:11  Probe  
  58  7:14  Probe  
  64  7:26  Probe  
  64  7:29  Probe, Photon Cannon  
  66  7:38  Probe  
  66  7:41  Probe  
  68  7:47  Dark Templar x3  
  72  8:10  Pylon  
  72  8:14  Nexus  
  72  8:22  Pylon  
  72  8:28  Probe x2  
  74  8:36  Dark Templar x2  
  74  8:40  Probe x2, Pylon  
  80  8:43  Pylon  
  80  8:47  Pylon  
  80  8:51  Photon Cannon  
  80  8:52  Probe x2  
  82  9:04  Probe  
  82  9:09  Dark Templar x4  
  91  9:19  Probe x2  
  93  9:34  Photon Cannon  
  93  9:35  Shield Battery  
  92  9:44  Probe, Assimilator  
  92  9:45  Probe  
  94  9:46  Assimilator  
  94  9:54  Dark Templar x4  
  83  10:39  Dark Shrine  
  83  10:40  Gateway  
  76  10:43  Gateway  
  67  11:15  Dark Templar x4  
  58  12:17  Nexus  
  57  12:45  Nexus  
  55  13:30  Assimilator  
  53  13:45  Assimilator  
  33  14:23  Nexus  
  33  14:28  Nexus  
  33  14:42  Pylon  
  27  15:21  Assimilator  
  22  16:02  Nexus  
  22  16:09  Probe  
  23  16:13  Probe, Pylon  
  24  16:39  Probe  
  25  17:02  Probe  
  25  17:05  Gateway  
  25  17:10  Nexus  
  25  17:20  Assimilator  
  11  17:41  Forge  
  11  17:43  Pylon  
  11  17:49  Probe  
  12  17:54  Pylon  
  12  17:56  Probe  
  12  17:57  Probe  
  12  18:05  Probe  
  15  18:11  Pylon  
  15  18:16  Photon Cannon  
  10  18:20  Photon Cannon  
  10  18:24  Cybernetics Core  
  10  18:30  Photon Cannon  
  10  18:32  Probe  
  10  18:33  Photon Cannon  
  10  18:35  Photon Cannon  
  6  19:04  Cybernetics Core  
  6  19:05  Twilight Council  
  6  19:08  Probe  
  6  19:20  Gateway  
  5  20:04  Dark Shrine  
Show
View Real Time Build Order
Export as new Build Order

Kamarill Protoss - Winner!

Build Orders:  

Get SALT Encoding   

  12  0:01  Probe  
  13  0:13  Probe  
  14  0:19  Pylon  
  14  0:25  Probe  
  15  0:37  Probe  
  16  0:44  Gateway  
  16  0:46  Probe  
  16  0:51  Assimilator  
  16  0:54  Probe  
  17  0:58  Assimilator  
  18  1:06  Probe  
  19  1:13  Gateway  
  19  1:20  Probe  
  20  1:36  Probe, Cybernetics Core  
  21  1:48  Probe  
  21  1:50  Pylon  
  22  2:04  Probe, Warp Gate  
  23  2:12  Stalker x2  
  27  2:20  Robotics Facility  
  27  2:25  Robotics Facility  
  27  2:42  Sentry  
  29  2:51  Stalker  
  29  2:58  Pylon  
  31  3:00  Shield Battery  
  31  3:16  Nexus  
  32  3:20  Observer  
  32  3:27  Probe  
  33  3:38  Pylon  
  33  3:39  Probe  
  34  3:48  Observer  
  36  4:01  Stalker  
  36  4:14  Immortal  
  40  4:17  Gateway  
  40  4:18  Probe  
  40  4:22  Stalker  
  43  4:31  Probe x2  
  45  4:41  Pylon  
  45  4:43  Observer  
  45  4:46  Probe x2  
  45  4:48  Stalker  
  49  5:04  Immortal  
  53  5:10  Probe  
  53  5:11  Probe  
  54  5:18  Probe  
  54  5:19  Probe  
  55  5:27  Forge  
  57  5:30  Pylon  
  57  5:32  Stalker  
  57  5:35  Probe x2  
  61  5:43  Assimilator  
  61  5:45  Warp Prism  
  61  5:46  Assimilator  
  61  5:47  Probe  
  62  5:51  Protoss Ground Weapons Level 1  
  64  6:03  Probe  
  64  6:04  Probe  
  66  6:15  Probe  
  66  6:16  Probe  
  68  6:28  Probe x2  
  70  6:40  Probe x2  
  70  6:41  Gateway  
  70  6:42  Gateway  
  70  6:43  Gateway  
  70  6:45  Gateway  
  70  6:46  Twilight Council  
  72  6:59  Probe x2  
  74  7:05  Stalker x2  
  78  7:12  Pylon  
  78  7:14  Pylon, Charge  
  78  7:16  Pylon  
  78  7:26  Templar Archives  
  78  7:50  Observer  
  78  8:02  Zealot  
  78  8:03  Zealot x4  
  78  8:04  Zealot x2  
  92  8:17  Protoss Ground Weapons Level 2  
  92  8:32  Zealot x2  
  92  8:33  Zealot x3  
  102  8:49  Pylon  
  102  8:50  Pylon  
  102  8:53  Pylon  
  102  8:55  Pylon  
  102  8:56  Pylon  
  102  8:58  Pylon  
  102  9:09  High Templar x4  
  110  9:10  High Templar  
  110  9:11  High Templar, Zealot  
  110  9:13  Archon x2  
  110  9:15  Archon  
  116  9:21  Observer  
  116  9:36  Zealot  
  118  9:56  High Templar  
  118  9:57  High Templar x5  
  118  9:58  Zealot  
  132  10:01  Archon x3  
  61  11:23  Nexus  
  56  12:06  Nexus  
  53  12:39  Pylon  
  51  13:30  Gateway  
  51  13:31  Gateway  
  31  15:09  Nexus  
  31  15:20  Pylon  
  31  15:33  Assimilator  
  31  15:52  Pylon  
  31  16:02  Pylon  
  31  16:14  Assimilator  
Tags
 
Add a new tag
Caveats
  • Supply blocks, unpowered buildings, or Contaminate may cause inaccurate times.
  • Supply counts are checked every 10 seconds.